 Dungeon Crawl Stone Soup version 0.20.1-1-g8b1a95d (webtiles) character file.

705090 Cral the Intangible (level 27, -12/168 HPs)
             Began as a Deep Elf Fire Elementalist on July 7, 2017.
             Was the Champion of Vehumet.
             Killed by drain life
             ... invoked by a deathcap
             ... summoned by a curse toe
              (17 damage)
             ... on level 1 of the Realm of Zot.
             The game lasted 06:21:15 (94640 turns).

Cral the Intangible (Deep Elf Fire Elementalist)   Turns: 94640, Time: 06:21:15

Health: -12/168    AC: 17    Str: 15    XL:     27
Magic:  22/51      EV: 32    Int: 37    God:    Vehumet [******]
Gold:   5647       SH:  0    Dex: 15    Spells: 1/70 levels left

rFire    + + +     SeeInvis +   R - staff of conjuration
rCold    . . .     Gourm    .   (no shield)
rNeg     . . .     Faith    .   M - +2 robe {rC+ rF+}
rPois    .         Spirit   .   E - +3 crown of Dyrovepreva {rElec Int+2 SInv}
rElec    +         Reflect  .   K - scarf {rC+ rF+}
rCorr    .         Harm     .   P - +1 pair of gloves "Nukk" {+Fly MR+ SInv}
MR       ++++.                  F - +2 pair of boots {Stlth+}
Stlth    +++.......             J - amulet of magic regeneration
Regen    0.4/turn               T - +6 ring of intelligence
MPRegen  0.5/turn               b - ring of Xonuoti {MR+ AC+5 Str+10 Int-5}

@: immune to fire clouds, deflect missiles
A: talons 1, wild magic 1
}: 4/15 runes: decaying, slimy, silver, gossamer
a: Renounce Religion, Evoke Flight


You were on level 1 of the Realm of Zot.
You worshipped Vehumet.
Vehumet was exalted by your worship.
You were not hungry.

You visited 13 branches of the dungeon, and saw 55 of its levels.
You also visited: Ice Cave and Desolation.

You collected 9519 gold pieces.
You spent 3872 gold pieces at shops.

Inventory:

Hand Weapons
 n - the +11 whip "Dozaecesh" {venom, -Tele rF+ MR++ SInv}
   (You took it off a skeletal warrior on level 3 of the Crypt)

   It poisons the flesh of those it strikes.
   It protects you from fire.
   It affects your resistance to hostile enchantments.
   It lets you see invisible.
   It prevents most forms of teleportation.
 H - the +7 quarterstaff "Girch" {flame, rC+ MP+9 Dex+2}
   (You found it on level 5 of the Pits of Slime)

   It has been specially enchanted to burn those struck by it, causing extra
   injury to most foes and up to half again as much damage against particularly
   susceptible opponents.
   It affects your dexterity (+2).
   It protects you from cold.
   It affects your magic capacity (+9).
Armour
 E - the +3 crown of Dyrovepreva (worn) {rElec Int+2 SInv}
   (You bought it in a shop on level 2 of the Vaults)

   It affects your intelligence (+2).
   It insulates you from electricity.
   It lets you see invisible.
 F - a +2 pair of boots of stealth (worn)
 K - a scarf of resistance (worn)
 M - a +2 robe of resistance (worn)
 O - a +2 robe of the Archmagi
 P - the +1 pair of gloves "Nukk" (worn) {+Fly MR+ SInv}
   (You bought it in a shop on level 2 of the Vaults)

   It affects your resistance to hostile enchantments.
   It lets you see invisible.
   It lets you fly.
 W - the +0 helmet of the Blessed Realm {rC+ Str+3}
   (You found it on level 4 of the Depths)

   It affects your strength (+3).
   It protects you from cold.
 X - a +1 robe of positive energy
Magical Staves
 s - an uncursed staff of energy
 Q - an uncursed staff of fire
 R - an uncursed staff of conjuration (weapon)
 S - an uncursed staff of earth
Jewellery
 a - the ring "Tunnaxki" {rPois Str+2}
   (You took it off a deep elf death mage on level 3 of the Elven Halls)

   [ring of poison resistance]

   It affects your strength (+2).
   It protects you from poison.
 b - the ring of Xonuoti (right hand) {MR+ AC+5 Str+10 Int-5}
   (You took it off a deep elf death mage on level 3 of the Elven Halls)

   [ring of protection]

   It affects your AC (+5).
   It affects your strength (+10).
   It affects your intelligence (-5).
   It affects your resistance to hostile enchantments.
 x - the ring of Umuhafyu {rCorr MR++ Str+4}
   (You found it on level 5 of the Pits of Slime)

   [ring of resist corrosion]

   It affects your strength (+4).
   It affects your resistance to hostile enchantments.
 y - the ring "Beisyulag" {MR+ Int+3}
   (You took it off a wizard on level 4 of the Depths)

   [ring of intelligence]

   It affects your intelligence (+3).
   It affects your resistance to hostile enchantments.
 J - an amulet of magic regeneration (around neck)
 T - a +6 ring of intelligence (left hand)
 Z - an uncursed ring of positive energy
Wands
 i - a wand of digging (15/24)
Scrolls
 e - 17 scrolls of fear
 m - 14 scrolls of teleportation
 q - 6 scrolls of identify
 r - 10 scrolls of remove curse
 u - 9 scrolls of blinking
 v - 11 scrolls of enchant armour
 z - 6 scrolls of recharging
 A - 9 scrolls of fog
 L - a scroll of enchant weapon
 N - 3 scrolls of holy word
 Y - 9 scrolls of magic mapping
Potions
 d - 7 potions of ambrosia
 g - 24 potions of curing
 h - 9 potions of haste
 l - 6 potions of agility
 o - 11 potions of brilliance
 p - 4 potions of flight
 w - 9 potions of might
 B - 8 potions of invisibility
 C - 15 potions of heal wounds
 D - 2 potions of magic
 G - 6 potions of cancellation
 U - 3 potions of resistance
Books
 k - the Compendium of Dark Arts
   (You found it on level 3 of the Crypt)

   Spells                             Type                      Level
   a - Animate Skeleton               Necromancy                   1
   b - Sublimation of Blood           Necromancy                   2
   c - Bolt of Draining               Conjuration/Necromancy       5
   d - Agony                          Necromancy                   5
   e - Death Channel                  Necromancy                   6
   f - Death's Door                   Charms/Necromancy            8
 V - a book of Cantrips

   Spells                             Type                      Level
   a - Confusing Touch                Hexes                        1
   b - Animate Skeleton               Necromancy                   1
   c - Summon Small Mammal            Summoning                    1
   d - Apportation                    Translocation                1
Miscellaneous
 I - 4 phantom mirrors
Comestibles
 c - 9 bread rations
 f - 26 royal jellies
 t - 15 meat rations


   Skills:
 - Level 16.0 Fighting
 O Level 27 Dodging
 - Level 2.4 Stealth
 - Level 22.0 Spellcasting
 - Level 20.0 Conjurations
 + Level 18.3 Charms
 - Level 14.0 Necromancy
 - Level 17.1 Translocations
 - Level 20.0 Fire Magic
 - Level 3.1 Ice Magic
 - Level 4.3 Air Magic
 - Level 20.1 Earth Magic


You had one spell level left.
You knew the following spells:

 Your Spells              Type           Power        Failure   Level  Hunger
a - Shatter               Erth           ########..   4%          9    ####...
b - Iron Shot             Conj/Erth      #########.   1%          6    None
c - Lehudib's Crystal Sp  Conj/Erth      #########.   1%          8    ##.....
d - Statue Form           Tmut/Erth      ########.    3%          6    None
e - Blink                 Tloc           N/A          1%          2    None
f - Ozocubu's Armour      Chrm/Ice       ########     1%          3    None
g - Deflect Missiles      Chrm/Air       ########..   1%          6    None
h - Ring of Flames        Chrm/Fire      #########.   1%          7    None
i - Swiftness             Chrm/Air       ########     1%          2    None
j - Fire Storm            Conj/Fire      #########.   5%          9    ####...
k - Regeneration          Chrm/Necr      ########..   1%          3    None
l - Controlled Blink      Tloc           N/A          6%          8    ##.....


Dungeon Overview and Level Annotations

Branches:
Dungeon (15/15)            Temple (1/1) D:5            Lair (6/6) D:8
  Swamp (4/4) Lair:4       Spider (4/4) Lair:4        Slime (5/5) Lair:6
    Orc (2/2) D:12            Elf (3/3) Orc:2        Vaults (5/5) D:13
  Crypt (3/3) Vaults:2       Tomb (1/3) Crypt:3      Depths (5/5) D:15
    Zot (1/5) Depths:5

Altars:
Ashenzari
Cheibriados
Dithmenos
Elyvilon
Fedhas
Gozag
Hepliaklqana
Kikubaaqudgha
Makhleb
Nemelex Xobeh
Okawaru
Qazlal
Ru
Sif Muna
Trog
Uskayaw
Vehumet
Xom
Yredelemnul
Zin
The Shining One
Beogh
Jiyva
Lugonu

Shops:
D:4 [   Orc:1 ?   Orc:2 %?[:   Elf:1 ?   Vaults:1 =   Vaults:2 [
Depths:1 *[!%   Depths:4 *

Portals:
Hell: Depths:1 Depths:2 Depths:3 Depths:4 Depths:5
Abyss: Depths:4
Pandemonium: Orc:2 Depths:1 Depths:3
Ziggurat: Depths:1

Annotations:
D:9 exclusion: oklob plant


Innate Abilities, Weirdness & Mutations

You have sharp toenails.
Your spells are a little harder to cast, but a little more powerful.


Message History

Okay, then.
Casting: Controlled Blink
Confirm with . or Enter, or press ? or * to list all spells.
You blink.
A tentacled monstrosity comes into view.
The wandering mushroom is engulfed in blazing flames.
You destroy the wandering mushroom!
The wandering mushroom is engulfed in blazing flames.
You destroy the wandering mushroom!
The wandering mushroom is engulfed in blazing flames.
You destroy the wandering mushroom!
The deathcap is engulfed in blazing flames.
The deathcap draws from the surrounding life force!
* * * LOW HITPOINT WARNING * * *
The deathcap is healed.
The deathcap is engulfed in blazing flames.
The wandering mushroom is engulfed in blazing flames.
The deathcap is engulfed in blazing flames. x2
The deathcap draws from the surrounding life force!
You die...

..#.z8..##..
..##.§§..#.. ###..
..##.....#.# ..X.
..##..§z.#.# ...
..###.#§##.# #..#
.##...#....# ...#
.....###v§.######...#
#...# #.v..........#
##.. #.fff....@...#
#.# #.§§§........# ##
#.§ff..###...#
#...#### ...# #...#
#..# ....# ..# #....#
... #...## ...# #...


You could see a tentacled monstrosity, 4 deathcaps, a wandering mushroom and a
friendly fire vortex.

Vanquished Creatures
  the Royal Jelly (Slime:5)
  Dissolution (Slime:2)
  Mara (Spider:4)
  5 juggernauts
  5 ancient liches
  A greater mummy (Depths:1)
  Boris (Depths:3)
  Saint Roka (Depths:5)
  2 caustic shrikes
  4 golden dragons
  A profane servitor (Crypt:3)
  Jory (Crypt:1)
  Arachne (Spider:3)
  A bone dragon (Crypt:3)
  14 liches
  Jorgrun (Depths:5)
  4 tentacled monstrosities
  6 titans
  Asterion (Spider:1)
  The ghost of KleinerIrrer the Brawler, an adept TrFi of Okawaru (Depths:2)
  3 deep elf blademasters
  5 quicksilver dragons
  A deep elf master archer (Elf:3)
  31 acid blobs
  Agnes (Spider:1)
  Kirke (Spider:3)
  Frances (D:14)
  The ghost of zebratul the Severer, an adept DDBe of Trog (Elf:3)
  7 sphinxes
  The ghost of groda1 the Warrior, an adept MiBe of Trog (Spider:1)
  Gastronok (Orc:1)
  3 thorn hunters
  Roxanne (D:15)
  4 ancient champions (Crypt:3)
  17 tengu reavers
  Donald (Swamp:3)
  12 fire giants
  2 revenants
  19 azure jellies
  6 storm dragons
  4 shadow dragons
  2 imperial myrmidons (Desolation)
  25 frost giants
  16 vault wardens
  3 ghost moths
  6 orc warlords
  5 iron dragons
  8 deep elf sorcerers
  9 emperor scorpions
  4 curse skulls
  21 ironheart preservers
  Louise (Swamp:3)
  A cacodemon (Depths:1)
  A caustic shrike skeleton (D:15)
  4 deep elf elementalists
  A reaper (IceCv)
  8 ghouls
  14 very ugly things
  A draconian stormcaller (Depths:5)
  A draconian annihilator (Depths:5)
  28 stone giants
  7 vampire knights
  4 entropy weavers
  8 deep elf demonologists
  A black draconian (Depths:5)
  13 deep elf annihilators
  2 red draconians (Zot:1)
  14 spark wasps
  4 halazid warlocks (Desolation)
  4 purple draconians
  2 white draconians
  7 merfolk javelineers
  12 deep elf death magi
  3 crystal guardians
  A blizzard demon (Depths:4)
  6 death oozes
  Snorg (Lair:5)
  26 ettins
  A merfolk impaler (Depths:3)
  15 jiangshi
  The ghost of Nehle the Executioner, a journeyman MiBe of Trog (Spider:1)
  The ghost of koorschki the Cleaver, a journeyman DsGl of Qazlal (D:12)
  An eidolon (Crypt:1)
  16 fire dragons
  7 ragged hierophants
  4 deep elf high priests
  11 great orbs of eyes
  24 yaktaur captains
  5 rakshasas
  4 servants of whispers (Desolation)
  28 hydras
  14 ice dragons
  14 centaur warriors
  4 ghost crabs
  Fannar (D:10)
  2 peacekeepers (Desolation)
  7 ogre magi
  42 vault guards
  2 catoblepae
  5 spriggan air magi
  9 death knights
  9 death yaks
  30 dancing weapons
  25 two-headed ogres
  9 deep troll earth magi
  6 alligators
  10 deep troll shamans
  7 tengu warriors
  17 vampire magi
  8 orc high priests
  A sun demon (Depths:1)
  A storm dragon zombie (D:15)
  A soul eater (Crypt:2)
  14 spriggan berserkers
  7 shadow wraiths
  29 deep elf knights
  15 hell knights
  40 skeletal warriors
  9 iron trolls
  An entropy weaver zombie (Crypt:2)
  2 spriggan druids (Swamp:4)
  7 flayed ghosts
  2 unseen horrors (shapeshifter)
  An orange crystal statue (Depths:2)
  2 death drakes (shapeshifter)
  16 swamp dragons
  A swamp dragon (shapeshifter) (Elf:2)
  4 glowing orange brains
  A ghost moth zombie (Crypt:2)
  41 deep trolls
  24 deep elf archers
  4 unseen horrors
  2 gelid demonspawn (Orc:2)
  11 wizards
  2 shambling mangroves
  21 ironbrand convokers
  21 orb spiders
  15 orc knights
  A golden dragon skeleton (Crypt:1)
  A lindwurm (shapeshifter) (Depths:4)
  2 lindwurms (Lair:6)
  14 necromancers
  A wolf spider zombie (Crypt:3)
  6 harpies
  An iron dragon zombie (Crypt:3)
  10 phantasmal warriors
  47 wolf spiders
  10 orc sorcerers
  40 ugly things
  A faun (shapeshifter) (Vaults:3)
  10 shining eyes
  A frost giant zombie (Crypt:2)
  79 deep elf magi
  18 elephants
  3 manticores
  A fire giant zombie (Crypt:3)
  8 cyclopes
  4 moths of wrath
  A salamander (shapeshifter) (Vaults:1)
  2 rust devils
  A guardian serpent (Desolation)
  A guardian serpent (shapeshifter) (Depths:2)
  3 black mambas
  15 vault sentinels
  4 ice statues
  A fire giant skeleton (Crypt:2)
  5 gargoyles
  3 eyes of devastation
  4 torpor snails
  A stone giant skeleton (Crypt:2)
  A spiny frog (shapeshifter) (D:13)
  18 spiny frogs
  2 rime drakes
  7 demonic crawlers
  8 freezing wraiths
  A kobold demonologist (D:14)
  A yaktaur skeleton (D:15)
  An efreet (D:13)
  10 ice devils
  2 red devils (Depths:1)
  42 yaktaurs
  2 elves (Depths:1)
  6 komodo dragons
  A queen bee (Depths:3)
  4 tengu conjurers
  A troll (shapeshifter) (Elf:2)
  8 trolls
  2 polar bears
  Grinder (D:5)
  2 hornets (shapeshifter)
  2 tyrant leeches (Swamp:3)
  Prince Ribbit (D:8)
  39 jumping spiders
  23 hornets
  6 large abominations
  14 blink frogs
  162 slime creatures
  A hydra skeleton (Crypt:3)
  A raiju (shapeshifter) (Vaults:3)
  37 saltlings
  4 bog bodies
  12 hippogriffs
  A fire dragon zombie (D:15)
  A stone giant simulacrum (Vaults:2)
  12 dream sheep
  A fire giant simulacrum (Crypt:3)
  5 air elementals
  47 flying skulls (Crypt:3)
  2 ettin skeletons
  37 tarantellas
  76 redbacks
  A vampire (Depths:1)
  A redback (shapeshifter) (Depths:5)
  6 shadows
  56 yaks
  A yak (shapeshifter) (Vaults:1)
  10 spriggans
  11 wyverns
  7 basilisks
  9 wraiths
  4 hogs
  A human (shapeshifter) (Vaults:2)
  31 water elementals
  3 fire elementals
  2 humans (Depths:1)
  4 hungry ghosts
  A neqoxec (Orc:2)
  A basilisk (shapeshifter) (Vaults:1)
  A chaos spawn (Orc:2)
  Eustachio (D:5)
  12 golden eyes
  Grum (D:9)
  28 vampire mosquitoes
  5 wargs
  20 insubstantial wisps
  A soldier ant (D:12)
  A spiny frog zombie (Crypt:3)
  16 water moccasins
  3 acid dragons
  23 swamp worms
  10 porcupines
  A two-headed ogre skeleton (Crypt:2)
  2 floating eyes
  A water nymph skeleton (Crypt:1)
  72 orc warriors
  13 swamp drakes
  3 ice beasts
  A slave (Depths:1)
  11 eyes of draining
  A sky beast (D:13)
  A swamp dragon zombie (Crypt:2)
  3 black bears
  A hornet zombie (D:14)
  A snapping turtle zombie (Crypt:2)
  3 necrophages (Crypt:3)
  25 wolves
  4 phantoms
  37 ogres
  16 boggarts
  20 centaurs
  16 crocodiles
  6 big kobolds
  4 elf zombies (Elf:1)
  A small abomination (Crypt:3)
  19 bullfrogs
  An earth elemental (Elf:1)
  2 wyvern skeletons
  7 scorpions
  A warg skeleton (Crypt:1)
  A yak zombie (Crypt:2)
  37 killer bees
  2 spectral wolves (Depths:1)
  A troll skeleton (Crypt:2)
  18 wights
  2 howler monkeys (D:5)
  2 electric eels
  3 crimson imps
  5 centaur zombies
  2 quasits
  A bullfrog zombie (D:12)
  7 jellies
  3 bullfrog skeletons
  41 orc priests
  5 centaur skeletons
  6 hounds
  29 orc wizards
  An iron imp (Depths:4)
  A black bear skeleton (Crypt:2)
  13 worker ants
  4 iguanas
  2 hell rats (Lair:6)
  A porcupine zombie (Crypt:1)
  A big kobold zombie (Crypt:2)
  2 felid zombies (Crypt:1)
  A deep dwarf skeleton (Crypt:2)
  A hound zombie (D:7)
  2 hound skeletons
  A worker ant zombie (D:8)
  8 gnolls
  8 adders
  7 river rats (Lair:6)
  5 shadow imps
  6 white imps (IceCv)
  8 ufetubi (IceCv)
  7 oozes
  An adder zombie (D:8)
  An adder skeleton (D:10)
  2 worms (D:2)
  A dart slug (D:1)
  3 leopard geckos
  129 orcs
  A ball python (D:1)
  7 bats
  A bat skeleton (Crypt:1)
  8 giant cockroaches
  3 goblins (D:1)
  5 hobgoblins
  2 jackals (D:10)
  6 quokkas
  6 frilled lizards
  2 jackal skeletons
  24 kobolds
  A leopard gecko skeleton (D:4)
  A quokka zombie (D:10)
  8 rats
  5 crawling corpses (Elf:3)
  2 fungi
  2 plants
2995 creatures vanquished.

Vanquished Creatures (collateral kills)
  the Lernaean hydra (Swamp:4)
  An ancient champion (Crypt:3)
  A storm dragon (Depths:5)
  A draconian shifter (Zot:1)
  A very ugly thing (Depths:4)
  A soul eater (Crypt:1)
  A flying skull (Crypt:3)
  A necrophage (Crypt:3)
  A small abomination (Crypt:3)
9 creatures vanquished.

Vanquished Creatures (others)
  A tengu reaver (Depths:3)
  2 humans (Spider:4)
  A soldier ant (shapeshifter) (Depths:3)
  3 white imps (IceCv)
  6 ufetubi (IceCv)
  91 fire vortices
  34 fungi
  24 plants
  2 withered plants (D:15)
164 creatures vanquished.

Grand Total: 3168 creatures vanquished

Notes
Turn   | Place    | Note
-------+----------+-------------------------------------------
     0 | D:1      | Cral the Deep Elf Fire Elementalist began the quest for the Orb.
     0 | D:1      | Reached XP level 1. HP: 10/10 MP: 6/6
   166 | D:1      | Reached XP level 2. HP: 15/15 MP: 4/8
   498 | D:1      | Reached XP level 3. HP: 19/19 MP: 7/9
   961 | D:2      | Reached XP level 4. HP: 23/24 MP: 5/10
  1941 | D:3      | Reached XP level 5. HP: 28/28 MP: 6/11
  2287 | D:4      | Found a burning altar of Makhleb.
  2312 | D:4      | Found Nuck's Armour Emporium.
  2351 | D:4      | Noticed an ogre
  2367 | D:3      | Learned a level 3 spell: Conjure Flame
  2372 | D:3      | Learned a level 4 spell: Sticky Flame
  2434 | D:4      | Found a shattered altar of Ashenzari.
  2520 | D:4      | Found a shadowy altar of Dithmenos.
  2759 | D:4      | Killed an ogre
  2759 | D:4      | Reached skill level 5 in Conjurations
  2759 | D:4      | Reached skill level 5 in Fire Magic
  2806 | D:4      | Reached XP level 6. HP: 23/32 MP: 12/12
  3134 | D:5      | Entered Level 5 of the Dungeon
  3404 | D:5      | Noticed Eustachio
  3855 | D:5      | Noticed Grinder
  4049 | D:5      | Killed Eustachio
  4049 | D:5      | Reached XP level 7. HP: 32/36 MP: 13/13
  4109 | D:5      | Paralysed by Grinder for 2 turns
  4118 | D:5      | Killed Grinder
  4126 | D:5      | Found a staircase to the Ecumenical Temple.
  4231 | Temple   | Entered the Ecumenical Temple
  4462 | Temple   | Became a worshipper of Vehumet
  4733 | D:5      | Found a hide-covered altar of Uskayaw.
  4984 | D:6      | Reached XP level 8. HP: 30/41 MP: 14/14
  5363 | D:7      | Found a stormy altar of Qazlal.
  5723 | D:7      | Learned a level 5 spell: Fireball
  5783 | D:7      | Noticed a troll
  5802 | D:7      | Killed a troll
  5876 | D:7      | Found a bloodstained altar of Trog.
  6592 | D:8      | Noticed a hippogriff
  6601 | D:8      | Killed a hippogriff
  6601 | D:8      | Reached * piety under Vehumet
  6601 | D:8      | Offered knowledge of Shock by Vehumet.
  6601 | D:8      | Reached XP level 9. HP: 34/45 MP: 15/15
  6691 | D:8      | Noticed Prince Ribbit
  7043 | D:8      | Reached skill level 10 in Conjurations
  7043 | D:8      | Reached skill level 10 in Fire Magic
  7108 | D:8      | Reached skill level 5 in Spellcasting
  7234 | D:8      | Found an ancient bone altar of Kikubaaqudgha.
  7235 | D:8      | Found a blossoming altar of Fedhas.
  7238 | D:8      | Found a glowing golden altar of the Shining One.
  7549 | D:8      | Noticed a two-headed ogre
  7562 | D:8      | Killed a two-headed ogre
  7595 | D:8      | Reached skill level 3 in Dodging
  7595 | D:8      | Reached XP level 10. HP: 37/50 MP: 20/25
  7692 | D:8      | Killed Prince Ribbit
  7692 | D:8      | Reached skill level 4 in Dodging
  7765 | D:8      | Found a staircase to the Lair.
  7983 | Lair:1   | Entered Level 1 of the Lair of Beasts
  7991 | D:8      | Reached skill level 5 in Dodging
  8160 | D:9      | Reached skill level 1 in Fighting
  8666 | D:9      | Reached skill level 6 in Dodging
  8669 | D:9      | Noticed Grum
  8683 | D:9      | Killed Grum
  8690 | D:9      | Offered knowledge of Searing Ray by Vehumet.
  8789 | D:9      | Reached ** piety under Vehumet
  8789 | D:9      | Reached skill level 7 in Dodging
  9121 | D:9      | Reached skill level 8 in Dodging
  9321 | D:9      | Offered knowledge of Dazzling Spray by Vehumet.
  9577 | D:9      | Reached XP level 11. HP: 48/62 MP: 26/26
  9591 | D:9      | Reached skill level 5 in Fighting
  9603 | D:9      | Reached skill level 9 in Dodging
  9683 | D:9      | Reached *** piety under Vehumet
  9788 | D:9      | Found a viscous altar of Jiyva.
  9817 | D:9      | Noticed a white ugly thing
  9829 | D:9      | Killed a white ugly thing
 10194 | D:9      | Found a blossoming altar of Fedhas.
 10209 | D:9      | Noticed an oklob plant
 10264 | D:10     | Entered Level 10 of the Dungeon
 10310 | D:10     | Found a basalt altar of Yredelemnul.
 10311 | D:10     | Noticed Fannar
 10326 | D:10     | Killed Fannar
 10547 | D:10     | Offered knowledge of Ignite Poison by Vehumet.
 10722 | D:10     | Reached skill level 10 in Dodging
 10766 | D:10     | Noticed a two-headed ogre
 10782 | D:10     | Killed a two-headed ogre
 11021 | D:11     | Noticed an unseen horror
 11025 | D:11     | Killed an unseen horror
 11333 | D:11     | Reached **** piety under Vehumet
 11437 | D:11     | Offered knowledge of Static Discharge by Vehumet.
 11707 | D:11     | Reached skill level 11 in Dodging
 12018 | D:12     | Noticed a two-headed ogre
 12020 | D:12     | Noticed a cyan ugly thing
 12361 | D:12     | Noticed a skeletal warrior
 12364 | D:12     | Noticed a death knight
 12408 | D:12     | Noticed koorschki's ghost (journeyman DsGl)
 12453 | D:12     | Found a staircase to the Orcish Mines.
 12460 | D:12     | Noticed a two-headed ogre
 13186 | D:8      | Reached skill level 12 in Dodging
 13371 | Lair:1   | Reached XP level 12. HP: 67/73 MP: 27/27
 13658 | Lair:1   | Reached ***** piety under Vehumet
 13776 | Lair:1   | Noticed an eight-headed hydra
 13779 | Lair:1   | Killed an eight-headed hydra
 13779 | Lair:1   | Offered knowledge of Poison Arrow by Vehumet.
 14305 | Lair:2   | Noticed a six-headed hydra
 14587 | Lair:2   | Learned a level 2 spell: Blink
 14591 | Lair:2   | Learned a level 3 spell: Ozocubu's Armour
 14646 | Lair:2   | Reached skill level 1 in Charms
 14652 | Lair:2   | Killed a six-headed hydra
 14821 | Lair:2   | Reached skill level 13 in Dodging
 14842 | Lair:2   | Reached skill level 5 in Charms
 15291 | Lair:2   | Noticed a seven-headed hydra
 15302 | Lair:2   | Killed a seven-headed hydra
 16986 | Lair:3   | Reached skill level 1 in Translocations
 17135 | Lair:4   | Reached XP level 13. HP: 40/80 MP: 28/28
 18064 | Lair:4   | Reached skill level 14 in Dodging
 18070 | Lair:4   | Offered knowledge of Olgreb's Toxic Radiance by Vehumet.
 18429 | Lair:4   | Found a staircase to the Swamp.
 18634 | Lair:4   | Reached skill level 10 in Fighting
 18641 | Lair:4   | Found a hole to the Spider Nest.
 19091 | Lair:5   | Reached skill level 10 in Spellcasting
 19137 | Lair:4   | Reached skill level 1 in Ice Magic
 21096 | Lair:5   | Learned a level 6 spell: Deflect Missiles
 21239 | Lair:5   | Reached skill level 1 in Air Magic
 21239 | Lair:5   | Reached XP level 14. HP: 78/88 MP: 22/30
 21785 | Lair:6   | Entered Level 6 of the Lair of Beasts
 22073 | Lair:6   | Noticed Snorg
 22094 | Lair:5   | Killed Snorg
 22519 | Lair:6   | Reached skill level 10 in Charms
 22812 | Lair:6   | Found a runed door.
 22813 | Lair:6   | Found a viscous altar of Jiyva.
 22813 | Lair:6   | Found a staircase to the Slime Pits.
 22813 | Lair:6   | Noticed an azure jelly
 22813 | Lair:6   | Noticed an azure jelly
 22814 | Lair:6   | Noticed an azure jelly
 23006 | Swamp:1  | Entered Level 1 of the Swamp
 23039 | Lair:4   | You fall through a shaft for 2 floors!
 23870 | Swamp:1  | Offered knowledge of Venom Bolt by Vehumet.
 25613 | D:12     | Killed koorschki's ghost
 25936 | Orc:1    | Entered Level 1 of the Orcish Mines
 25951 | Orc:1    | Found Hiugosh's Magic Scroll Boutique.
 26051 | Orc:1    | Found a frozen archway.
 26063 | IceCv    | Entered an ice cave
 26454 | IceCv    | Noticed a reaper
 26583 | IceCv    | Killed a reaper
 26726 | IceCv    | Learned a level 7 spell: Ring of Flames
 27286 | Orc:1    | Noticed an orc warlord
 27451 | Orc:1    | Killed an orc warlord
 27820 | Orc:1    | Noticed Gastronok
 27898 | Orc:1    | Killed Gastronok
 28069 | Orc:2    | Entered Level 2 of the Orcish Mines
 28351 | Orc:2    | Reached XP level 15. HP: 56/92 MP: 34/34
 28563 | Orc:2    | Offered knowledge of Bolt of Fire by Vehumet.
 28880 | Orc:2    | Found Quastro's Magic Scroll Shop.
 28883 | Orc:2    | Found Gulec's Food Boutique.
 29073 | Orc:2    | Learned a level 4 spell: Force Lance
 29149 | Orc:2    | Found a staircase to the Elven Halls.
 29709 | Orc:2    | Gained mutation: Your flesh is heat resistant. (rF+) [a neqoxec]
 30179 | Orc:2    | Found Pyats's Book Shoppe.
 30179 | Orc:2    | Found Giguruar's Antique Armour Emporium.
 30180 | Orc:2    | Found a one-way gate leading to the halls of Pandemonium.
 30368 | Elf:1    | Entered Level 1 of the Elven Halls
 30724 | Elf:1    | Reached ****** piety under Vehumet
 30814 | Elf:1    | Reached skill level 15 in Charms
 31447 | Elf:1    | Offered knowledge of Iron Shot by Vehumet.
 31460 | Elf:1    | Learned a level 6 spell: Iron Shot
 31479 | Elf:1    | Reached skill level 1 in Earth Magic
 31753 | Elf:1    | Found Keotaff's Magic Scroll Shop.
 32271 | Elf:1    | Identified the Volume of Evil
 32307 | Elf:1    | Reached XP level 16. HP: 60/97 MP: 34/35
 32308 | Elf:1    | Reached skill level 5 in Earth Magic
 33154 | D:13     | Found a gate to the Vaults.
 33637 | D:13     | Offered knowledge of Orb of Destruction by Vehumet.
 34262 | D:13     | Reached skill level 15 in Fire Magic
 34577 | D:13     | Found a roughly hewn altar of Beogh.
 35246 | D:14     | Offered knowledge of Bolt of Cold by Vehumet.
 35250 | D:14     | Noticed Frances
 35735 | D:14     | Killed Frances
 35922 | D:15     | Entered Level 15 of the Dungeon
 36093 | D:15     | Found a white marble altar of Elyvilon.
 36119 | D:15     | Noticed Roxanne
 36131 | D:15     | Reached skill level 15 in Dodging
 36280 | D:15     | Killed Roxanne
 36281 | D:15     | Identified Roxanne's Grimoire of the Mountains (You took it off Roxanne on level 15 of the Dungeon)
 37228 | D:15     | Reached skill level 16 in Dodging
 37453 | D:15     | Found a staircase to the Depths.
 38921 | Swamp:2  | Reached XP level 17. HP: 102/102 MP: 10/37
 39207 | Swamp:2  | Reached skill level 17 in Dodging
 39502 | Swamp:2  | Noticed Donald
 39565 | Swamp:2  | Found a shattered altar of Ashenzari.
 40264 | Swamp:3  | Reached skill level 15 in Spellcasting
 40508 | Swamp:4  | Entered Level 4 of the Swamp
 40557 | Swamp:3  | Offered knowledge of Lehudib's Crystal Spear by Vehumet.
 40557 | Swamp:3  | Offered knowledge of Tornado by Vehumet.
 40557 | Swamp:3  | Offered knowledge of Ignition by Vehumet.
 40570 | Swamp:3  | Learned a level 8 spell: Ignition
 40848 | Swamp:3  | Noticed Louise
 40856 | Swamp:3  | Killed Louise
 40860 | Swamp:3  | Killed Donald
 42078 | Swamp:4  | Reached skill level 10 in Earth Magic
 42710 | Swamp:4  | Noticed the 27-headed Lernaean hydra
 42981 | Spider:1 | Entered Level 1 of the Spider Nest
 43002 | Spider:1 | Noticed Asterion
 43270 | Spider:1 | Killed Asterion
 43442 | Spider:1 | Noticed Agnes
 43451 | Spider:1 | Killed Agnes
 43864 | Spider:1 | Noticed groda1's ghost (adept MiBe)
 44227 | Spider:1 | Killed groda1's ghost
 44452 | Spider:1 | Reached XP level 18. HP: 107/107 MP: 39/39
 44647 | Spider:1 | Noticed Nehle's ghost (journeyman MiBe)
 45014 | Spider:1 | Killed Nehle's ghost
 45257 | Spider:1 | Identified the cursed +1 war axe "Cash" {chop, rN+} (You found it on level 1 of the Spider Nest)
 45857 | Orc:2    | Bought a book of Burglary for 1275 gold pieces
 45867 | Orc:2    | Learned a level 2 spell: Swiftness
 48629 | Spider:4 | Entered Level 4 of the Spider Nest
 48651 | Spider:4 | Noticed Kirke
 48822 | Spider:3 | Killed Kirke
 49073 | Spider:4 | Noticed Arachne
 49136 | Spider:3 | Killed Arachne
 49379 | Spider:4 | Reached skill level 15 in Conjurations
 49543 | Spider:3 | Learned a level 8 spell: Lehudib's Crystal Spear
 51853 | Spider:3 | Reached XP level 19. HP: 112/112 MP: 42/42
 52694 | Spider:4 | Noticed Mara
 52704 | Spider:4 | Killed Mara
 53080 | Spider:4 | Got a gossamer rune of Zot
 53281 | Spider:2 | You fall through a shaft!
 54795 | Slime:1  | Entered Level 1 of the Pits of Slime
 55113 | Slime:2  | Gained mutation: You do not regenerate when monsters are visible. [a shining eye]
 56036 | Slime:3  | Noticed Dissolution
 56051 | Slime:2  | Killed Dissolution
 56051 | Slime:2  | Reached XP level 20. HP: 122/122 MP: 27/43
 56150 | Slime:3  | Paralysed by a great orb of eyes for 7 turns
 56326 | Slime:3  | Gained mutation: Scrolls take you a little longer to read. [a shining eye]
 56852 | Slime:3  | Reached skill level 18 in Dodging
 57818 | Slime:5  | Entered Level 5 of the Pits of Slime
 57826 | Slime:5  | Reached skill level 19 in Dodging
 57839 | Slime:5  | Noticed the Royal Jelly
 58819 | Slime:5  | Reached skill level 20 in Dodging
 59039 | Slime:5  | Killed the Royal Jelly
 59190 | Slime:5  | Got a steaming quarterstaff
 59191 | Slime:5  | Identified the +7 quarterstaff "Girch" {flame, rC+ MP+9 Dex+2} (You found it on level 5 of the Pits of Slime)
 59284 | Slime:5  | Got a glittering glass ring
 59285 | Slime:5  | Identified the ring of Umuhafyu {rCorr MR++ Str+4} (You found it on level 5 of the Pits of Slime)
 59319 | Slime:5  | Gained mutation: Your magical capacity is low. (-10% MP) [a shining eye]
 59321 | Slime:5  | Lost mutation: Scrolls take you a little longer to read. [potion of mutation]
 59321 | Slime:5  | Lost mutation: Your flesh is heat resistant. (rF+) [potion of mutation]
 59321 | Slime:5  | Lost mutation: Your magical capacity is low. (-10% MP) [potion of mutation]
 59321 | Slime:5  | Gained mutation: You have a pair of small antennae on your head. [potion of mutation]
 59321 | Slime:5  | Gained mutation: Your skin changes colour to match your surroundings (Stealth+). [potion of mutation]
 59322 | Slime:5  | Lost mutation: Your skin changes colour to match your surroundings (Stealth+). [potion of mutation]
 59322 | Slime:5  | Lost mutation: You have a pair of small antennae on your head. [potion of mutation]
 59322 | Slime:5  | Lost mutation: You do not regenerate when monsters are visible. [potion of mutation]
 59322 | Slime:5  | Gained mutation: Your spells are a little harder to cast, but a little more powerful. [potion of mutation]
 59322 | Slime:5  | Gained mutation: You have sharp toenails. [potion of mutation]
 59384 | Slime:5  | Identified the Tome of Clay
 59393 | Slime:5  | Got a slimy rune of Zot
 61134 | Swamp:4  | Got a decaying rune of Zot
 61286 | Swamp:4  | Killed the 27-headed Lernaean hydra
 61286 | Swamp:4  | Reached XP level 21. HP: 129/129 MP: 44/44
 61629 | Vaults:1 | Entered Level 1 of the Vaults
 61701 | Vaults:1 | Reached skill level 15 in Earth Magic
 62073 | Vaults:1 | Identified a scroll of acquirement
 62939 | Vaults:1 | Found Biaged's Jewellery Shoppe.
 63396 | Vaults:2 | Found a staircase to the Crypt.
 64672 | Vaults:2 | Found Piemo's Antique Armour Emporium.
 64680 | Vaults:2 | Bought the +3 crown of Dyrovepreva {rElec Int+2 SInv} for 1490 gold pieces
 64680 | Vaults:2 | Bought a pair of faintly humming gloves for 342 gold pieces
 64709 | Vaults:2 | Identified the +1 pair of gloves "Nukk" {+Fly MR+ SInv} (You bought it in a shop on level 2 of the Vaults)
 65633 | Vaults:3 | Reached XP level 22. HP: 135/135 MP: 17/45
 67293 | Vaults:5 | Entered Level 5 of the Vaults
 67564 | Vaults:4 | Learned a level 9 spell: Shatter
 67577 | Vaults:5 | Noticed an ancient lich
 68193 | Elf:2    | Found a runed gate.
 68193 | Elf:2    | Found a runed gate.
 68193 | Elf:2    | Found a runed gate.
 68436 | Elf:2    | Found a ruined gateway.
 68451 | Desolati | Entered the Desolation of Salt
 68765 | Desolati | Reached XP level 23. HP: 140/140 MP: 42/48
 68772 | Desolati | Identified Sif Muna's Almanac of Lethal Enhancements
 68777 | Desolati | Identified the Papyrus of Free Expression
 68903 | Desolati | Got a scorched steel ring
 68904 | Desolati | Identified the ring of Hotup {rElec rPois rN+ Int-5 Stlth+} (You found it in the Desolation of Salt)
 68913 | Desolati | Identified Inwaw's Collected Works on Quantum Black Rituals
 70100 | Elf:2    | Reached skill level 21 in Dodging
 70929 | Depths:1 | Entered Level 1 of the Depths
 71329 | Depths:1 | Noticed a greater mummy
 71602 | D:15     | Learned a level 6 spell: Statue Form
 71673 | Depths:1 | Killed a greater mummy
 71866 | Depths:1 | Found a roughly hewn altar of Beogh.
 72229 | Depths:1 | Found Helines's Slaves and Accessories.
 72247 | Depths:1 | Found The Legendary Ruyhadgh's Legendary Smithy.
 72283 | Depths:1 | Found Itzisch's Miraculous Elixirs.
 72310 | Depths:1 | Found Jack's Jerk-a-riffic Jerky.
 73312 | Depths:1 | Found a gateway to a ziggurat.
 73312 | Depths:1 | Noticed an ancient lich
 73312 | Depths:1 | Noticed an ancient lich
 73423 | Depths:1 | Killed an ancient lich
 73423 | Depths:1 | Reached XP level 24. HP: 145/145 MP: 36/48
 73425 | Depths:1 | Killed an ancient lich
 73625 | Depths:1 | Found a gateway to Hell.
 73677 | Depths:2 | Noticed KleinerIrrer's ghost (adept TrFi)
 73685 | Depths:2 | Noticed a juggernaut
 73907 | Depths:2 | Killed KleinerIrrer's ghost
 74363 | Depths:2 | Found a huge runed gate.
 74363 | Depths:2 | Found a huge runed gate.
 74363 | Depths:2 | Found a huge runed gate.
 74363 | Depths:2 | Found a huge runed gate.
 74363 | Depths:2 | Found a huge runed gate.
 74363 | Depths:2 | Found a huge runed gate.
 74363 | Depths:2 | Found a huge runed gate.
 74363 | Depths:2 | Found a huge runed gate.
 74365 | Depths:2 | Found a huge runed gate.
 74371 | Depths:2 | Found a huge runed gate.
 74371 | Depths:2 | Found a huge runed gate.
 74371 | Depths:2 | Found a huge runed gate.
 74373 | Depths:2 | Found a huge runed gate.
 74374 | Depths:2 | Found a huge runed gate.
 74824 | Depths:2 | Found a huge runed gate.
 74964 | Depths:2 | Killed a juggernaut
 75083 | Orc:1    | Bought a scroll of amnesia for 45 gold pieces
 75094 | Orc:1    | Learned a level 9 spell: Fire Storm
 75553 | Depths:2 | Noticed a juggernaut
 75923 | Depths:2 | Killed a juggernaut
 75933 | Depths:2 | Noticed a juggernaut
 75941 | Depths:2 | Killed a juggernaut
 75957 | Depths:2 | Noticed a juggernaut
 75967 | Depths:2 | Killed a juggernaut
 76054 | Depths:2 | Identified the Catalogue of Excruciating Contamination
 76544 | Depths:2 | Learned a level 3 spell: Regeneration
 76656 | Depths:2 | Got a fine robe
 76667 | Depths:2 | Identified the cursed +1 robe "Jugumun" {Regen+ Str+3} (You found it on level 2 of the Depths)
 76897 | Depths:2 | Reached XP level 25. HP: 152/152 MP: 49/49
 77103 | Depths:2 | Found a huge runed gate.
 77103 | Depths:2 | Found a huge runed gate.
 77103 | Depths:2 | Found a huge runed gate.
 77103 | Depths:2 | Found a huge runed gate.
 77103 | Depths:2 | Found a huge runed gate.
 77103 | Depths:2 | Found a huge runed gate.
 77103 | Depths:2 | Found a huge runed gate.
 77104 | Depths:2 | Found a huge runed gate.
 77105 | Depths:2 | Found a huge runed gate.
 77113 | Depths:2 | Found a huge runed gate.
 77113 | Depths:2 | Found a huge runed gate.
 77113 | Depths:2 | Found a huge runed gate.
 77140 | Depths:2 | Reached skill level 22 in Dodging
 77262 | Depths:2 | Got a polished leather armour
 77273 | Depths:2 | Identified the cursed +1 leather armour "Petoliph" {rPois Str-5 Dex+6} (You took it off a tengu conjurer on level 2 of the Depths)
 77924 | Depths:3 | Reached skill level 23 in Dodging
 77935 | Depths:3 | Found a runed door.
 78453 | Depths:3 | Noticed Boris
 78458 | Depths:3 | Killed Boris
 78745 | Depths:3 | Reached skill level 24 in Dodging
 79063 | Depths:3 | Reached skill level 5 in Translocations
 79278 | Depths:3 | Got a slimy war axe
 79279 | Depths:3 | Identified the +10 war axe "Xyvive" {protect, Str+2 SInv} (You found it on level 3 of the Depths)
 79340 | Depths:3 | Identified the Grimoire of Calling
 79368 | Depths:3 | Identified the Papyrus of Confrontation
 79887 | Depths:4 | Found a corrupted altar of Lugonu.
 79888 | Depths:4 | Found a one-way gate to the infinite horrors of the Abyss.
 80253 | Depths:4 | Reached skill level 10 in Translocations
 80440 | Depths:4 | Reached XP level 26. HP: 158/158 MP: 24/49
 80574 | Depths:4 | Got a wavering turquoise ring
 80577 | Depths:4 | Identified the ring "Beisyulag" {MR+ Int+3} (You took it off a wizard on level 4 of the Depths)
 80627 | Depths:4 | Noticed an ancient lich
 80628 | Depths:4 | Killed an ancient lich
 80674 | Depths:4 | Got an ebony broad axe
 80675 | Depths:4 | Identified the +6 broad axe "Coteixtit" {chaos, rPois rF+} (You found it on level 4 of the Depths)
 80705 | Depths:4 | Got a slimy helmet
 80711 | Depths:4 | Identified the +0 helmet of the Blessed Realm {rC+ Str+3} (You found it on level 4 of the Depths)
 80937 | Depths:4 | Found Tootudiu's Assorted Antiques.
 80940 | Depths:4 | Bought 3 scrolls of blinking for 720 gold pieces
 80968 | Depths:4 | Found a snail-covered altar of Cheibriados.
 81192 | Depths:5 | Entered Level 5 of the Depths
 81217 | Depths:5 | Noticed Saint Roka
 81219 | Depths:5 | Noticed Jorgrun
 81227 | Depths:5 | Killed Jorgrun
 81229 | Depths:5 | Killed Saint Roka
 81633 | Depths:5 | Found a gate to the Realm of Zot.
 81648 | Depths:5 | Reached skill level 15 in Translocations
 82954 | Depths:5 | Noticed a juggernaut
 82956 | Depths:5 | Killed a juggernaut
 84497 | Elf:3    | Entered Level 3 of the Elven Halls
 84765 | Elf:3    | Reached XP level 27. HP: 162/162 MP: 39/50
 84821 | Elf:3    | Noticed zebratul's ghost (adept DDBe)
 84836 | Elf:3    | Killed zebratul's ghost
 84935 | Elf:3    | Got a jewelled great mace {freeze}
 84936 | Elf:3    | Identified the +3 great mace of Yklonet {freeze, rPois MR+ Stlth-} (You took it off a deep elf mage on level 3 of the Elven Halls)
 84959 | Elf:3    | Got a translucent spear
 84960 | Elf:3    | Identified the +7 spear of the Unspeakable One {pierce, rPois} (You found it on level 3 of the Elven Halls)
 84965 | Elf:3    | Identified Zevanuc's Guide on Enchanting Displacement
 84980 | Elf:3    | Learned a level 8 spell: Controlled Blink
 84991 | Elf:3    | Got a smoking war axe
 84992 | Elf:3    | Identified the cursed +0 war axe of Dithmenos's Generosity {freeze, rN++} (You found it on level 3 of the Elven Halls)
 85003 | Elf:3    | Identified the Reference Book on Curses
 85111 | Elf:3    | Got a warped iron ring
 85116 | Elf:3    | Identified the ring "Tunnaxki" {rPois Str+2} (You took it off a deep elf death mage on level 3 of the Elven Halls)
 85224 | Elf:3    | Got a warped copper ring
 85225 | Elf:3    | Identified the ring of Xonuoti {MR+ AC+5 Str+10 Int-5} (You took it off a deep elf death mage on level 3 of the Elven Halls)
 85958 | Crypt:1  | Entered Level 1 of the Crypt
 85992 | Crypt:1  | Noticed Jory
 86110 | Crypt:1  | Killed Jory
 86117 | Crypt:1  | Reached skill level 25 in Dodging
 86945 | Crypt:2  | Noticed an ancient lich
 86948 | Crypt:2  | Killed an ancient lich
 86948 | Crypt:2  | Reached skill level 26 in Dodging
 87651 | Crypt:3  | Entered Level 3 of the Crypt
 88005 | Crypt:3  | Found a basalt altar of Yredelemnul.
 88011 | Crypt:3  | Reached skill level 27 in Dodging
 88727 | Crypt:3  | Reached skill level 15 in Fighting
 88861 | Crypt:3  | Got a pitted falchion {drain}
 88862 | Crypt:3  | Identified the +7 falchion "Atosizao" {drain, Int+5} (You took it off a skeletal warrior on level 3 of the Crypt)
 88886 | Crypt:3  | Found a staircase to the Tomb.
 88895 | Crypt:3  | Got a slimy whip {venom}
 88897 | Crypt:3  | Identified the +11 whip "Dozaecesh" {venom, -Tele rF+ MR++ SInv} (You took it off a skeletal warrior on level 3 of the Crypt)
 88933 | Tomb:1   | Entered Level 1 of the Tomb of the Ancients
 89188 | Crypt:3  | Identified the Compendium of Dark Arts
 90198 | Vaults:5 | Reached skill level 1 in Necromancy
 90200 | Vaults:5 | Reached skill level 5 in Necromancy
 90200 | Vaults:5 | Killed an ancient lich
 90221 | Vaults:5 | Reached skill level 10 in Necromancy
 90996 | Vaults:5 | Got a spiked cloak
 91002 | Vaults:5 | Identified the +0 cloak of the Armadillo {rF+} (You found it on level 5 of the Vaults)
 91384 | Vaults:5 | Got a silver rune of Zot
 94301 | Zot:1    | Entered Level 1 of the Realm of Zot
 94640 | Zot:1    | HP: 5/168 [deathcap/drain life[a curse toe] (14)]
 94640 | Zot:1    | Killed from afar by a deathcap

Skill      XL: |  1  2  3  4  5  6  7  8  9 10 11 12 13 14 15 16 17 18 19 20 21 22 23 24 25 26 27 |
---------------+----------------------------------------------------------------------------------+-----
Conjurations   | 2 3 4 5 6 7 9 10 11 15 17 18 19 20 | 20.0
Fire Magic     | 4 5 6 7 9 10 11 12 14 15 18 20 | 20.0
Spellcasting   | 9 10 13 14 15 17 19 20 21 22 | 22.0
Dodging        | 3 8 12 13 14 16 17 20 21 24 27 | 27.0
Fighting       | 4 7 9 10 12 13 14 16 | 16.0
Charms         | 8 9 13 16 18 | 18.3
Translocations | 2 4 10 17 | 17.1
Ice Magic      | 3 |  3.1
Air Magic      | 1 4 |  4.3
Earth Magic    | 4 8 13 14 19 20 | 20.1
Necromancy     | 14 | 14.0
Stealth        | |  2.4

Action                   |  1- 3 |  4- 6 |  7- 9 | 10-12 | 13-15 | 16-18 | 19-21 | 22-24 | 25-27 || total
-------------------------+-------+-------+-------+-------+-------+-------+-------+-------+-------++-------
Melee: Long sword        |       |    14 |       |       |       |       |       |       |       ||    14
       Staff             |       |    21 |    43 |   251 |   125 |    48 |    13 |       |    24 ||   525
       Quarterstaff      |       |       |       |       |       |       |       |    21 |    17 ||    38
 Cast: Flame Tongue      |    46 |    86 |   179 |   564 |   456 |    83 |     7 |       |       ||  1421
       Sticky Flame      |       |     4 |    19 |   104 |   255 |    90 |       |       |       ||   472
       Conjure Flame     |       |       |     5 |    10 |     5 |       |       |       |       ||    20
       Fireball          |       |       |     1 |    75 |   316 |   692 |   131 |     7 |       ||  1222
       Ozocubu's Armour  |       |       |       |     2 |    42 |    27 |    12 |    16 |     8 ||   107
       Blink             |       |       |       |       |    34 |    41 |     5 |     5 |    14 ||    99
       Deflect Missiles  |       |       |       |       |     1 |     5 |     3 |     7 |     6 ||    22
       Ring of Flames    |       |       |       |       |     1 |    12 |     2 |     1 |     7 ||    23
       Force Lance       |       |       |       |       |    22 |    12 |       |       |       ||    34
       Iron Shot         |       |       |       |       |     1 |   130 |   458 |   526 |   753 ||  1868
       Ignition          |       |       |       |       |       |     8 |    43 |    21 |       ||    72
       Swiftness         |       |       |       |       |       |     3 |     2 |     2 |     2 ||     9
       Lehudib's Crystal |       |       |       |       |       |     2 |     6 |    25 |    31 ||    64
       Shatter           |       |       |       |       |       |       |       |     7 |    40 ||    47
       Statue Form       |       |       |       |       |       |       |       |     1 |     1 ||     2
       Fire Storm        |       |       |       |       |       |       |       |     4 |    50 ||    54
       Regeneration      |       |       |       |       |       |       |       |       |     1 ||     1
 Abil: End Transformatio |       |       |       |       |       |       |       |     1 |     1 ||     2
Evoke: Wand              |       |       |       |       |       |     2 |       |     2 |       ||     4
       Phantom mirror    |       |       |       |       |       |       |     1 |       |       ||     1
  Use: Scroll            |       |     1 |    12 |     2 |    12 |    21 |     9 |     9 |    11 ||    77
       Potion            |       |       |       |       |     5 |     2 |     6 |     1 |     1 ||    15
 Stab: Distracted        |       |     1 |       |       |     1 |       |       |       |       ||     2
       Sleeping          |       |       |     2 |       |       |       |       |       |       ||     2
  Eat: Chunk             |       |     9 |    14 |    39 |    45 |    34 |    10 |    21 |    38 ||   210
       Fruit             |       |     1 |       |     9 |     9 |     2 |     8 |     4 |     7 ||    40
       Bread ration      |       |       |       |       |     4 |     2 |     5 |     1 |       ||    12
       Royal jelly       |       |       |       |       |     2 |     4 |     5 |       |       ||    11
       Meat ration       |       |       |       |       |       |     6 |     1 |     3 |     4 ||    14
Armor: Robe              |       |    10 |    45 |   149 |   143 |   105 |    25 |    23 |    60 ||   560
Dodge: Dodged            |     9 |    78 |    89 |   587 |   649 |   479 |   177 |   212 |   440 ||  2720
       Deflected         |       |       |       |       |    10 |    24 |    39 |    42 |    59 ||   174
Block: Shield            |       |       |       |       |       |       |       |       |     8 ||     8
       Buckler           |       |       |       |       |       |       |       |       |     1 ||     1
       Rpst.: Long sword |       |     3 |       |       |       |       |       |       |       ||     3
